 Dungeon Crawl Stone Soup version 0.27-a0-679-g77a6b55cf3 (webtiles) character file.

Game seed: 17582062999772269898

319 tilp the Insei (level 6, 0/43 HPs)
             Began as an Octopode Transmuter on Mar 18, 2021.
             Slain by a scorpion (5 damage)
             ... on level 4 of the Dungeon.
             The game lasted 00:07:43 (5246 turns).

tilp the Insei (Octopode Transmuter)                Turns: 5246, Time: 00:07:43

Health: 0/43       AC:  1    Str:  9    XL:     6   Next: 45%
Magic:  8/9        EV: 13    Int: 18    God:
Gold:   173        SH:  0    Dex: 12    Spells: 6/9 levels left

rFire    . . .     SeeInvis .     - Unarmed
rCold    . . .     Faith    .   (no shield)
rNeg     . . .     Spirit   .   (helmet restricted)
rPois    .         Reflect  .   (no amulet)
rElec    .         Harm     .   h - ring of resist corrosion
rCorr    +         Rampage  .   (no ring)
Will     .....                  (no ring)
Stlth    +++.......             (no ring)
HPRegen  0.14/turn              (no ring)
MPRegen  0.11/turn              (no ring)
                                (no ring)
                                (no ring)

@: wereblooded (expiring)
A: almost no armour, amphibious, 8 rings, camouflage 1, gelatinous body 1,
nimble swimmer 1, tentacles
a: no special abilities


You were on level 4 of the Dungeon.
You visited 1 branch of the dungeon, and saw 4 of its levels.

You collected 173 gold pieces.

Inventory:

Missiles
 c - 12 poisoned darts (quivered)
Jewellery
 h - a ring of resist corrosion (left tentacle)
Scrolls
 b - 2 scrolls of blinking
 d - a scroll of fear {unknown}
 g - a scroll of magic mapping {unknown}
 i - 2 scrolls of amnesia
 j - a scroll of vulnerability {unknown}
 l - a scroll of enchant weapon {unknown}
Potions
 a - 2 potions of curing
 e - a potion of cancellation {unknown}
 f - a potion of might {unknown}
 k - 2 potions of magic
 m - a potion of invisibility {unknown}


   Skills:
 - Level 4.0 Fighting
 - Level 2.0 Dodging
 - Level 4.0 Stealth
 + Level 4.9 Unarmed Combat
 - Level 2.0 Spellcasting
 - Level 2.0 Transmutations


You had 6 spell levels left.
You knew the following spells:

 Your Spells              Type           Power      Damage    Failure   Level
a - Beastly Appendage     Tmut           18%        N/A       8%          1
b - Wereblood             Tmut           9%         N/A       12%         2

Your spell library contained the following spells:

 Spells                   Type           Power      Damage    Failure   Level
 Spider Form              Tmut/Pois      2%         N/A       34%         3
 Confusing Touch          Hex            1%         N/A       47%         3
 Gell's Gravitas          Tloc           0%         N/A       47%         3
 Ice Form                 Ice/Tmut       5%         N/A       75%         4
 Petrify                  Tmut/Erth      5%         N/A       75%         4
 Blade Hands              Tmut           4%         N/A       91%         5
 Yara's Violent Unravell  Hex/Tmut       2%         3d3       97%         5
 Metabolic Englaciation   Hex/Ice        0%         N/A       99%         5


Dungeon Overview and Level Annotations

Branches:
Dungeon (4/15)
 Temple: D:4-7

Altars:


Innate Abilities, Weirdness & Mutations

You cannot wear most types of armour.
You are amphibious.
You can wear up to eight rings at the same time.
Your skin changes colour to match your surroundings (Stealth+).
Your rubbery body absorbs attacks. (AC +1, EV +1)
You are stealthy while swimming. (Stealth+)
You have tentacles for arms and can constrict up to eight enemies at once.


Message History

The orc priest calls down the wrath of Beogh upon you.
Beogh smites you!
* * * LOW HITPOINT WARNING * * *
You tentacle-slap the orc priest.
You tentacle-slap the orc priest, but do no damage.
The orc priest is heavily wounded.
You constrict the orc priest, but do no damage.
The orc priest completely misses you.
You feel better.
You constrict the orc priest. The orc priest closely misses you.
Unknown command.
You tentacle-slap the orc priest but do no damage.
You squeeze the orc priest, but do no damage.
The orc priest is severely wounded.
You howl as the wereblood boils in your veins!
You constrict the orc priest.
You tentacle-slap the orc priest but do no damage.
The orc priest is almost dead.
You constrict the orc priest.
You kill the orc priest!
You bludgeon the orc!
You kill the orc!
Items here: ))) [[ †††.
You start resting.
Your primal bloodlust is almost over.
A scorpion is nearby!
A scorpion is nearby!
You tentacle-slap the scorpion but do no damage.
You grab the scorpion.
You constrict the scorpion, but do no damage.
The scorpion barely misses you.
You tentacle-slap the scorpion.
The scorpion is lightly wounded.
You constrict the scorpion, but do no damage.
The scorpion stings you!
* * * LOW HITPOINT WARNING * * *
You tentacle-slap the scorpion.
The scorpion is moderately wounded.
You constrict the scorpion. The scorpion stings you.
You die...

≈h ≈$# s♣≈.#
#♣o♣.# #....#
#..#†# #.#†.#
#...##
#######†#######
#....@s........
#.##########.##
#.#..<....#
#.#.#.###.#
#.#.#.†.#.#
#.#.###.#.#
#.#.....#.#
#.#######.#
#.........#


You could see a scorpion.

Vanquished Creatures
  2 orc priests
  An iguana (D:3)
  Jessica (D:2)
  An orc wizard (D:4)
  6 adders
  An adder skeleton (D:2)
  3 worms
  2 dart slugs
  6 leopard geckos
  6 orcs
  A ball python (D:3)
  7 giant cockroaches
  7 goblins
  13 hobgoblins
  11 jackals
  3 quokkas
  9 bats
  4 frilled lizards
  11 kobolds
  8 rats
103 creatures vanquished.

Vanquished Creatures (others)
  4 plants (D:3)
4 creatures vanquished.

Grand Total: 107 creatures vanquished

Notes
Turn   | Place    | Note
-------+----------+-------------------------------------------
     0 | D:1      | tilp the Octopode Transmuter began the quest for the Orb.
     0 | D:1      | Reached XP level 1. HP: 13/13 MP: 3/3
    26 | D:1      | Reached skill level 1 in Stealth
   227 | D:1      | Reached XP level 2. HP: 12/18 MP: 3/5
   231 | D:1      | Learned a level 2 spell: Wereblood
  1352 | D:2      | Reached XP level 3. HP: 23/23 MP: 4/6
  1784 | D:2      | Noticed Jessica
  2269 | D:2      | Killed Jessica
  2270 | D:2      | Reached XP level 4. HP: 26/30 MP: 5/7
  2361 | D:2      | Found a faded altar of an unknown god.
  3443 | D:3      | Reached XP level 5. HP: 11/37 MP: 6/8
  4766 | D:3      | Reached XP level 6. HP: 43/43 MP: 7/9
  5246 | D:4      | Slain by a scorpion

Illustrated notes

Levels and vault maps discovered:
D:1:      dpeg_arrival_more_subterranean_lakeside_camping, layout_basic
D:2:      layout_basic, chequers_ecumenical_altar_simple_redux, uniq_jessica
D:3:      corexii_shack_village, layout_basic
D:4:      layout_basic, ebering_ghost_reflecting_pool, serial_shops,
          shop_fountains, shop, shop_fountains, nicolae_shop_crystal,
          serial_rivers, chequers_serial_rivers_micro_e,
          chequers_serial_rivers_micro_a, chequers_serial_rivers_marsh,
          chequers_serial_rivers_large_b, chequers_serial_rivers_room_b,
          chequers_serial_rivers_large_a, tso_altar, uniq_grinder

Skill      XL: |  1  2  3  4  5 |
---------------+----------------+-----
Stealth        | 2 3 4 |  4.0
Fighting       | 2 3 4 |  4.0
Unarmed Combat | 4 |  4.9
Dodging        | |  2.0
Spellcasting   | |  2.0
Transmutations | |  2.0

Action                   |  1- 3 |  4- 6 || total
-------------------------+-------+-------++-------
Melee: Unarmed           |    71 |   148 ||   219
       Constrict         |    21 |    46 ||    67
       Kick              |    12 |    33 ||    45
       Tentacles         |     8 |    25 ||    33
       Punch             |     1 |     4 ||     5
Throw: Dart              |     8 |    39 ||    47
 Cast: Beastly Appendage |    24 |    33 ||    57
       Wereblood         |     3 |    12 ||    15
  Use: Scroll            |     1 |     3 ||     4
       Potion            |       |     1 ||     1
 Stab: Sleeping          |     5 |     5 ||    10
Armor: Skin              |     6 |     7 ||    13
Dodge: Dodged            |    42 |    64 ||   106

Table legend: (Time is in decaauts)
 A = Elapsed time spent in this place.
 B = Non-inter-level travel time spent in this place.
 C = Inter-level travel time spent in this place.
 D = Time resting spent in this place.
 E = Time spent auto-exploring this place.
 F = Levels seen in this place.
 G = Mean time per level.
                   A        B        C        D        E       F      G
               +--------+--------+--------+--------+--------+-----+--------+
         Total |   5232 |   4985 |    247 |    986 |   3343 |   4 | 1308.0 |
       Dungeon |   5232 |   4985 |    247 |    986 |   3343 |   4 | 1308.0 |
               +--------+--------+--------+--------+--------+-----+--------+

Top non-repeatable levels by time:
     D:1: 1763 daAuts
     D:3: 1708 daAuts
     D:2: 1607 daAuts
     D:4: 153 daAuts
